| TOP OF THE 1ST |
|
Williamsport Crosscutters batting - Pitching for Auburn Doubledays : RHP Romel Padua
|
|
Pitching: RHP Romel Padua
|
|
|
Batting: RHB Eddie Serna
|
0-0: Swinging Strike 0-1: Ball 1-1: Fly out, F4 (Popup, 34S, EV 81.2 MPH)
|
|
Batting: LHB Travis Hahn
|
0-0: Called Strike 0-1: Foul Ball, location: 2F 0-2: Ball 1-2: Ball 2-2: Foul Ball, location: 2F 2-2: Foul Ball, location: 2F 2-2: Reached on error, E6 (Line Drive, 6, EV 67.5 MPH)
|
|
Batting: LHB Jason Duda
|
0-0: Ball Travis Hahn steals 2nd base 1-0: Fly out, F8 (Flyball, 8RD, EV 98.1 MPH)
|
|
Batting: LHB Dennis French
|
0-0: Ball 1-0: Called Strike 1-1: Foul Ball, location: 2F 1-2: Foul Ball, location: 2F 1-2: Ball 2-2: Fly out, F8 (Flyball, 89XD, EV 93.8 MPH)
|
| Top of the 1st over - 0 runs, 0 hits, 1 error, 1 left on base; Williamsport 0 - Auburn 0 |
| BOTTOM OF THE 1ST |
|
Auburn Doubledays batting - Pitching for Williamsport Crosscutters : LHP Josh Schmidt
|
|
Pitching: LHP Josh Schmidt
|
|
|
Batting: RHB Aaron Bateman
|
0-0: Called Strike 0-1: Ball 1-1: Ball 2-1: Foul Ball, location: 2F 2-2: Ground out 6-3 (Groundball, 6, EV 81.2 MPH)
|
|
Batting: RHB Yok-sing Szema
|
0-0: Ball 1-0: Ball 2-0: Ball 3-0: Called Strike 3-1: Base on Balls
|
|
Batting: RHB Rudolph Lentz
|
0-0: Foul Ball, location: 2F 0-1: Foul Ball, location: 2F 0-2: Ball 1-2: Ball 2-2: Strikes out swinging
|
|
Batting: RHB Hun-hyeon Kym
|
0-0: Ball Wild Pitch! Yok-sing Szema to second 1-0: Ground out 5-3 (Groundball, 5, EV 89.4 MPH)
|
| Bottom of the 1st over - 0 runs, 0 hits, 0 errors, 1 left on base; Williamsport 0 - Auburn 0 |
| TOP OF THE 2ND |
|
Williamsport Crosscutters batting - Pitching for Auburn Doubledays : RHP Romel Padua
|
|
Batting: RHB Teh-huai Jiang
|
0-0: Ball 1-0: Ground out 5-3 (Groundball, 56S, EV 83.8 MPH)
|
|
Batting: LHB Bryant Dill
|
0-0: Foul Ball, location: 2F 0-1: Ball 1-1: Ball 2-1: Ball 3-1: Fly out, F7 (Flyball, 78M, EV 93.1 MPH)
|
|
Batting: RHB Steve Kirby
|
0-0: Called Strike 0-1: Ground out 5-3 (Groundball, 56, EV 103.1 MPH)
|
| Top of the 2nd over - 0 runs, 0 hits, 0 errors, 0 left on base; Williamsport 0 - Auburn 0 |
| BOTTOM OF THE 2ND |
|
Auburn Doubledays batting - Pitching for Williamsport Crosscutters : LHP Josh Schmidt
|
|
Batting: RHB Kenny Ball
|
0-0: Called Strike 0-1: Called Strike 0-2: Ball 1-2: Reached on error, E3 (Groundball, 34, EV 78.1 MPH)
|
|
Batting: RHB Joe Simmelink
|
0-0: Ball 1-0: Swinging Strike 1-1: Ball 2-1: Ball 3-1: Called Strike 3-2: Fielders Choice at 2nd, 6-4 (Groundball, 56, EV 103.1 MPH)
|
|
Batting: RHB Charlie Iacovone
|
0-0: Ball 1-0: Foul Ball, location: 2F 1-1: SINGLE (Groundball, 34, EV 96.9 MPH) Joe Simmelink to second Runner from 2nd tries for 3rd, SAFE, throw by RF made to third
|
|
Batting: SHB Fernando Fundora
|
0-0: Swinging Strike 0-1: Foul Ball, location: 2F 0-2: Foul Ball, location: 2F 0-2: Hit by Pitch Charlie Iacovone to second
|
|
Batting: RHB Franklin Ortega
|
0-0: Ball 1-0: Foul Ball, location: 2F 1-1: Called Strike 1-2: SINGLE (Groundball, 15S, EV 69.4 MPH) (infield hit) Joe Simmelink scores Charlie Iacovone to third Fernando Fundora to second
|
|
Batting: RHB Aaron Bateman
|
0-0: Foul Ball, location: 2F 0-1: Ball 1-1: SINGLE (Line Drive, 7S, EV 84.4 MPH) Charlie Iacovone scores Fernando Fundora to third Franklin Ortega to second
|
|
Batting: RHB Yok-sing Szema
|
0-0: Ball 1-0: SINGLE (Groundball, 6D, EV 97.5 MPH) Fernando Fundora scores Franklin Ortega to third Aaron Bateman to second
|
|
Batting: RHB Rudolph Lentz
|
0-0: Ball 1-0: SINGLE (Groundball, 56D, EV 101.9 MPH) Franklin Ortega scores Aaron Bateman to third Yok-sing Szema to second Runner from 3rd tries for Home, SAFE, throw by LF to home
|
|
Pitching: LHP Justin Thornton
|
|
|
Batting: RHB Hun-hyeon Kym
|
0-0: Swinging Strike 0-1: Called Strike 0-2: Ball 1-2: Ball 2-2: Foul Ball, location: 2F 2-2: Ball 3-2: Foul Ball, location: 2F 3-2: Strikes out swinging
|
|
Batting: RHB Kenny Ball
|
0-0: Called Strike 0-1: Ball 1-1: Foul Ball, location: 2F 1-2: Strikes out swinging
|
| Bottom of the 2nd over - 5 runs, 5 hits, 1 error, 2 left on base; Williamsport 0 - Auburn 5 |
| TOP OF THE 3RD |
|
Williamsport Crosscutters batting - Pitching for Auburn Doubledays : RHP Romel Padua
|
|
Batting: RHB Allen Deschamps
|
0-0: Called Strike 0-1: TRIPLE (Flyball, 89XD, EV 104.4 MPH)
|
|
Batting: RHB Rafael Soto
|
0-0: Ball 1-0: Ground out 6-3 (Groundball, 6, EV 102.5 MPH) Allen Deschamps scores
|
|
Batting: RHB Eddie Serna
|
0-0: Called Strike 0-1: Ball 1-1: Called Strike 1-2: Fly out, F7 (Flyball, 78S, EV 88.8 MPH)
|
|
Batting: LHB Travis Hahn
|
0-0: Called Strike 0-1: Ball 1-1: Foul Ball, location: 2F 1-2: Ball 2-2: Ball 3-2: Foul Ball, location: 2F 3-2: Strikes out swinging
|
| Top of the 3rd over - 1 run, 1 hit, 0 errors, 0 left on base; Williamsport 1 - Auburn 5 |
| BOTTOM OF THE 3RD |
|
Auburn Doubledays batting - Pitching for Williamsport Crosscutters : LHP Justin Thornton
|
|
Batting: RHB Joe Simmelink
|
0-0: Ball 1-0: Reached on error, E6 (Groundball, 6, EV 87.5 MPH)
|
|
Batting: RHB Charlie Iacovone
|
0-0: Foul Ball, location: 2F 0-1: Foul Ball, location: 2F 0-2: Ball 1-2: Strikes out swinging
|
|
Batting: SHB Fernando Fundora
|
0-0: Foul Ball, location: 2F 0-1: Ball 1-1: Fly out, F8 (Flyball, 8LD, EV 88.8 MPH)
|
|
Batting: RHB Franklin Ortega
|
0-0: SINGLE (Groundball, 6S, EV 65.0 MPH) (infield hit) Joe Simmelink to third
|
|
Batting: RHB Aaron Bateman
|
0-0: Foul Ball, location: 2F 0-1: Called Strike 0-2: Fly out, F8 (Line Drive, 8RM, EV 90.6 MPH)
|
| Bottom of the 3rd over - 0 runs, 1 hit, 1 error, 2 left on base; Williamsport 1 - Auburn 5 |
| TOP OF THE 4TH |
|
Williamsport Crosscutters batting - Pitching for Auburn Doubledays : RHP Romel Padua
|
|
Batting: LHB Jason Duda
|
0-0: Ball 1-0: Fly out, F8 (Flyball, 8LM, EV 91.9 MPH)
|
|
Batting: LHB Dennis French
|
0-0: Ball 1-0: Ground out 4-3 (Groundball, 34D, EV 108.1 MPH)
|
|
Batting: RHB Teh-huai Jiang
|
0-0: Foul Ball, location: 2F 0-1: SINGLE (Groundball, 56D, EV 94.4 MPH)
|
|
Batting: LHB Bryant Dill
|
0-0: Ball 1-0: Ball 2-0: Ball 3-0: Called Strike 3-1: Fly out, F7 (Flyball, 78S, EV 85.0 MPH)
|
| Top of the 4th over - 0 runs, 1 hit, 0 errors, 1 left on base; Williamsport 1 - Auburn 5 |
| BOTTOM OF THE 4TH |
|
Auburn Doubledays batting - Pitching for Williamsport Crosscutters : LHP Justin Thornton
|
|
Batting: RHB Yok-sing Szema
|
0-0: Foul Ball, location: 2F 0-1: Foul Ball, location: 2F 0-2: Ball 1-2: Strikes out looking
|
|
Batting: RHB Rudolph Lentz
|
0-0: Fly out, F6 (Popup, 6MS, EV 77.5 MPH)
|
|
Batting: RHB Hun-hyeon Kym
|
0-0: Ball 1-0: Called Strike 1-1: Foul Ball, location: 2F 1-2: Ball 2-2: Foul Ball, location: 2F 2-2: Strikes out looking
|
| Bottom of the 4th over - 0 runs, 0 hits, 0 errors, 0 left on base; Williamsport 1 - Auburn 5 |
| TOP OF THE 5TH |
|
Williamsport Crosscutters batting - Pitching for Auburn Doubledays : RHP Romel Padua
|
|
Batting: RHB Steve Kirby
|
0-0: Ball 1-0: Ball 2-0: Ball 3-0: Called Strike 3-1: Swinging Strike 3-2: Strikes out looking
|
|
Batting: RHB Allen Deschamps
|
0-0: Called Strike 0-1: Swinging Strike 0-2: Foul Ball, location: 2F 0-2: Ball 1-2: Fly out, F9 (Flyball, 89S, EV 86.2 MPH)
|
|
Batting: RHB Rafael Soto
|
0-0: Ball 1-0: Called Strike 1-1: Hit by Pitch
|
|
Batting: RHB Eddie Serna
|
0-0: Called Strike 0-1: Ball 1-1: Hit by Pitch Rafael Soto to second
|
|
Batting: LHB Travis Hahn
|
0-0: Ball 1-0: Called Strike 1-1: Ball 2-1: Fly out, F9 (Flyball, 9D, EV 75.6 MPH)
|
| Top of the 5th over - 0 runs, 0 hits, 0 errors, 2 left on base; Williamsport 1 - Auburn 5 |
| BOTTOM OF THE 5TH |
|
Auburn Doubledays batting - Pitching for Williamsport Crosscutters : LHP Justin Thornton
|
|
Batting: RHB Kenny Ball
|
0-0: SINGLE (Groundball, 56D, EV 97.5 MPH)
|
|
Pitching: LHP Chad Torres
|
|
|
Batting: RHB Joe Simmelink
|
0-0: Fly out, F9 (Flyball, 9, EV 85.0 MPH)
|
|
Batting: RHB Charlie Iacovone
|
0-0: SINGLE (Flyball, 6MD, EV 92.5 MPH) Kenny Ball to second
|
|
Batting: SHB Fernando Fundora
|
0-0: Ball 1-0: Called Strike 1-1: Ball 2-1: Ball 3-1: Foul Ball, location: 2F 3-2: Grounds into double play, 5-4-3 (Groundball, 56, EV 105.6 MPH)
|
| Bottom of the 5th over - 0 runs, 2 hits, 0 errors, 1 left on base; Williamsport 1 - Auburn 5 |
| TOP OF THE 6TH |
|
Williamsport Crosscutters batting - Pitching for Auburn Doubledays : RHP Romel Padua
|
|
Batting: LHB Jason Duda
|
0-0: Ball 1-0: SINGLE (Groundball, 4D, EV 111.9 MPH)
|
|
Batting: LHB Dennis French
|
0-0: Called Strike 0-1: Fly out, F8 (Flyball, 8RM, EV 85.6 MPH)
|
|
Batting: RHB Teh-huai Jiang
|
0-0: Called Strike 0-1: SINGLE (Line Drive, 4MD, EV 95.6 MPH) Jason Duda to second
|
|
Pitching: LHP Willie Rivera
|
|
|
Batting: LHB Bryant Dill
|
0-0: Ball 1-0: Ball 2-0: SINGLE (Groundball, 6M, EV 96.2 MPH) (infield hit) Jason Duda to third Teh-huai Jiang to second
|
|
Batting: RHB Steve Kirby
|
0-0: Foul Ball, location: 2F 0-1: Ball 1-1: Ball 2-1: Fly out, F9 (Flyball, 89M, EV 83.1 MPH)
|
|
Batting: RHB Allen Deschamps
|
0-0: Called Strike 0-1: Swinging Strike 0-2: Strikes out swinging
|
| Top of the 6th over - 0 runs, 3 hits, 0 errors, 3 left on base; Williamsport 1 - Auburn 5 |
| BOTTOM OF THE 6TH |
|
Auburn Doubledays batting - Pitching for Williamsport Crosscutters : LHP Chad Torres
|
|
Batting: RHB Franklin Ortega
|
0-0: Ball 1-0: Ball 2-0: Ground out 5-3 (Groundball, 56, EV 110.0 MPH)
|
|
Batting: RHB Aaron Bateman
|
0-0: Foul Ball, location: 2F 0-1: Ball 1-1: SOLO HOME RUN (Flyball, 7LD, EV 93.1 MPH), Distance : 347 ft
|
|
Batting: RHB Yok-sing Szema
|
0-0: Called Strike 0-1: Ground out 6-3 (Groundball, 6, EV 80.6 MPH)
|
|
Batting: RHB Rudolph Lentz
|
0-0: Ground out 1-3 (Groundball, 15S, EV 66.9 MPH)
|
| Bottom of the 6th over - 1 run, 1 hit, 0 errors, 0 left on base; Williamsport 1 - Auburn 6 |
| TOP OF THE 7TH |
|
Williamsport Crosscutters batting - Pitching for Auburn Doubledays : LHP Willie Rivera
|
|
Batting: RHB Rafael Soto
|
0-0: Foul Ball, location: 2F 0-1: Swinging Strike 0-2: Ball 1-2: Ball 2-2: Strikes out swinging
|
|
Batting: RHB Eddie Serna
|
0-0: Foul Ball, location: 2F 0-1: Foul Ball, location: 2F 0-2: Ball 1-2: DOUBLE (Groundball, 3L, EV 105.6 MPH)
|
|
Batting: LHB Travis Hahn
|
0-0: Ball 1-0: Ball 2-0: Ball 3-0: Called Strike 3-1: Base on Balls
|
|
Batting: LHB Jason Duda
|
0-0: Foul Ball, location: 2F 0-1: Ball Eddie Serna steals 3rd base 1-1: Ball Travis Hahn steals 2nd base 2-1: Ground out U3 (Groundball, 3, EV 101.2 MPH)
|
|
Batting: LHB Dennis French
|
0-0: Foul Ball, location: 2F 0-1: Foul Ball, location: 2F 0-2: Foul Ball, location: 2F 0-2: Ball 1-2: Ball 2-2: Ball 3-2: Strikes out swinging
|
| Top of the 7th over - 0 runs, 1 hit, 0 errors, 2 left on base; Williamsport 1 - Auburn 6 |
| BOTTOM OF THE 7TH |
|
Auburn Doubledays batting - Pitching for Williamsport Crosscutters : LHP Chad Torres
|
|
Batting: RHB Hun-hyeon Kym
|
0-0: Ball 1-0: Called Strike 1-1: Ball 2-1: Fly out, F8 (Flyball, 8RD, EV 89.4 MPH)
|
|
Batting: RHB Kenny Ball
|
0-0: Ball 1-0: Swinging Strike 1-1: Ball 2-1: Swinging Strike 2-2: Strikes out swinging
|
|
Pitching: RHP Tim Starks
|
|
|
Batting: RHB Joe Simmelink
|
0-0: Fly out, F8 (Line Drive, 8LM, EV 106.2 MPH)
|
| Bottom of the 7th over - 0 runs, 0 hits, 0 errors, 0 left on base; Williamsport 1 - Auburn 6 |
| TOP OF THE 8TH |
|
Williamsport Crosscutters batting - Pitching for Auburn Doubledays : LHP Willie Rivera
|
|
Batting: RHB Teh-huai Jiang
|
0-0: Ground out 6-3 (Groundball, 6, EV 107.5 MPH)
|
|
Batting: LHB Bryant Dill
|
0-0: Ball 1-0: Ground out 4-3 (Groundball, 4, EV 78.8 MPH)
|
|
Batting: RHB Steve Kirby
|
0-0: Ball 1-0: Called Strike 1-1: Called Strike 1-2: Strikes out swinging
|
| Top of the 8th over - 0 runs, 0 hits, 0 errors, 0 left on base; Williamsport 1 - Auburn 6 |
| BOTTOM OF THE 8TH |
|
Auburn Doubledays batting - Pitching for Williamsport Crosscutters : RHP Tim Starks
|
|
Batting: RHB Charlie Iacovone
|
0-0: Foul Ball, location: 2F 0-1: Ball 1-1: Foul Ball, location: 2F 1-2: Ball 2-2: Ball 3-2: Base on Balls
|
|
Batting: SHB Fernando Fundora
|
0-0: SINGLE (Line Drive, 89S, EV 105.0 MPH) Charlie Iacovone to second
|
|
Batting: RHB Franklin Ortega
|
Balk! Charlie Iacovone to third Fernando Fundora to second 0-0: Foul Ball, location: 2F 0-1: Ball 1-1: SINGLE (Groundball, 3, EV 99.4 MPH) Charlie Iacovone scores Fernando Fundora to third
|
|
Batting: RHB Aaron Bateman
|
0-0: Ball Franklin Ortega is caught stealing 2nd base 2-4 1-0: Called Strike 1-1: SINGLE (Groundball, 4M, EV 104.4 MPH) (infield hit) Fernando Fundora scores
|
|
Batting: RHB Yok-sing Szema
|
0-0: SINGLE (Groundball, P, EV 83.8 MPH) (infield hit) Aaron Bateman to second
|
|
Batting: RHB Rudolph Lentz
|
0-0: Ball 1-0: Called Strike 1-1: Swinging Strike 1-2: Ball 2-2: Strikes out swinging
|
|
Batting: RHB Hun-hyeon Kym
|
0-0: Called Strike 0-1: Ball 1-1: DOUBLE (Line Drive, 7LD, EV 110.6 MPH) Aaron Bateman scores Yok-sing Szema to third
|
|
Batting: RHB Kenny Ball
|
0-0: Ball 1-0: Called Strike 1-1: Ball 2-1: Ball Wild Pitch! Yok-sing Szema scores Hun-hyeon Kym to third 3-1: Foul Ball, location: 2F 3-2: Base on Balls
|
|
Pitching: RHP Dave Gomez
|
|
|
Batting: RHB Joe Simmelink
|
0-0: Ball 1-0: Ball 2-0: Foul Ball, location: 2F 2-1: Ball 3-1: Foul Ball, location: 2F 3-2: Ground out 5-3 (Groundball, 5, EV 79.4 MPH)
|
| Bottom of the 8th over - 4 runs, 5 hits, 0 errors, 2 left on base; Williamsport 1 - Auburn 10 |
| TOP OF THE 9TH |
|
Williamsport Crosscutters batting - Pitching for Auburn Doubledays : LHP Willie Rivera
|
|
Batting: RHB Allen Deschamps
|
0-0: Called Strike 0-1: Fly out, F9 (Line Drive, 9, EV 98.8 MPH)
|
|
Batting: RHB Rafael Soto
|
0-0: Called Strike 0-1: Foul Ball, location: 2F 0-2: Strikes out swinging, 2-3 out at first.
|
|
Batting: RHB Eddie Serna
|
0-0: Foul Ball, location: 2F 0-1: Fly out, F6 (Line Drive, 6, EV 71.2 MPH)
|
| Top of the 9th over - 0 runs, 0 hits, 0 errors, 0 left on base; Williamsport 1 - Auburn 10 |
|